 Dungeon Crawl Stone Soup version 0.27.0-66-gdc8fb28755 (webtiles) character file.

Game seed: 17734030780172263040

1807 robertstho the Ruffian (level 8, -1/81 HPs)
             Began as a Troll Berserker on Aug 20, 2021.
             Was a Priest of Trog.
             Slain by a killer bee (6 damage)
             ... on level 5 of the Dungeon.
             The game lasted 00:05:39 (3467 turns).

robertstho the Ruffian (Troll Berserker)            Turns: 3467, Time: 00:05:39

Health: -1/81      AC:  5    Str: 26    XL:     8   Next: 84%
Magic:  7/7        EV: 10    Int:  5    God:    Trog [***...]
Gold:   189        SH:  0    Dex:  9    Spells: 7/7 levels left

rFire    + . .     SeeInvis +   b - +10 rapier of Lies {venom, rPois rF+ SInv}
rCold    . . .     Faith    .   (no shield)
rNeg     . . .     Spirit   .   a - +0 animal skin
rPois    +         Reflect  .   (helmet restricted)
rElec    .         Harm     .   n - +0 cloak
rCorr    .         Rampage  .   (gloves unavailable)
Will     ++...                  (boots unavailable)
Stlth    +.........             (no amulet)
HPRegen  2.23/turn              (no ring)
MPRegen  0.10/turn              (no ring)

@: strong-willed, on berserk cooldown, regenerating, slowed, very slow
A: large, unfitting armour, claws 3, regeneration 1, shaggy fur 1, tough skin 1
a: Renounce Religion, Berserk, Trog's Hand


You were on level 5 of the Dungeon.
You worshipped Trog.
Trog was most pleased with you.
You visited 1 branch of the dungeon, and saw 6 of its levels.

You collected 261 gold pieces.
You spent 72 gold pieces at shops.

Inventory:

Hand Weapons
 b - the +10 rapier of Lies (weapon) {venom, rPois rF+ SInv}
   (You acquired it on level 3 of the Dungeon)

   It poisons the flesh of those it strikes.
   rF:        It protects you from fire.
   rPois:     It protects you from poison.
   SInv:      It lets you see invisible.
Armour
 a - a +0 animal skin (worn)
 n - a +0 cloak (worn)
Wands
 g - a wand of flame (43)
 h - a wand of iceblast (7)
Scrolls
 c - 2 scrolls of vulnerability {unknown}
 e - a scroll of immolation {unknown}
 k - a scroll of enchant armour {unknown}
 l - a scroll of fear {unknown}
 m - 2 scrolls of enchant weapon {unknown}
 p - a scroll of identify
Potions
 j - 2 potions of flight
 o - a potion of invisibility {unknown}


   Skills:
 * Level 5.6 Fighting
 + Level 4.7 Short Blades
 + Level 4.5 Dodging
 * Level 6.8 Unarmed Combat


You had 7 spell levels left.
You didn't know any spells.
Your spell library was empty.

Dungeon Overview and Level Annotations

Branches:
Dungeon (6/15)             Temple (0/1) D:5

Altars:
Dithmenos

Shops:
D:3 ?   D:4 (


Innate Abilities, Weirdness & Mutations

You are too large for most types of armour.
You have claws for hands.
Your natural rate of healing is unusually fast.
You are covered in fur. (AC +1)
You have tough skin. (AC +1)


Message History

You are no longer berserk.
You are exhausted.
You feel yourself slow down.
You feel sick. The killer bee stings you.
* * * LOW HITPOINT WARNING * * *
The killer bee stings you but does no damage.
You feel better.
The killer bee stings you but does no damage. x2
The killer bee closely misses you. The killer bee stings you.
* * * LOW HITPOINT WARNING * * *
The killer bee closely misses you. The killer bee misses you.
You feel better. The killer bee stings you!
* * * LOW HITPOINT WARNING * * *
The killer bee completely misses you. The killer bee stings you.
* * * LOW HITPOINT WARNING * * *
The killer bee stings you but does no damage. x2
The killer bee stings you.
* * * LOW HITPOINT WARNING * * *
Blink to where?
Press: ? - help, Dir - move target
As you read the scroll labelled FOMOIQA WYENT, it crumbles to dust.
It was a scroll of blinking.
Aiming: Iceblast
Press: ? - help, Shift-Dir - straight line, f - killer bee
Aim: a killer bee The mass of ice explodes!
The iceblast engulfs the killer bee!
The killer bee is heavily wounded.
Unknown command.
Your skin crawls.
You feel strong-willed. The killer bee barely misses you. x3
Aiming: Throw Flame
Press: ? - help, Shift-Dir - straight line, f/p - killer bee
Aim: a killer bee (heavily wounded, 39% to hit)
The puff of flame misses the killer bee.
The killer bee stings you but does no damage.
The killer bee stings you!
* * * LOW HITPOINT WARNING * * *
The killer bee closely misses you. The killer bee barely misses you.
The killer bee stings you.
You die...

###..#####...###...y.†....# #.
##.#....##...........>.....####
#............#......†..........
##..........##...............##
#...........##.#............#.
###.........#####...........#..
#...........####.......#....##.
#.........####.y......##....#..
##.#......###.@y.......###.....
#.#..#.#....(.........#.....#.
######.#.........#.........#.#
##..#.............#........#.#.
#..[..#....##.......##......#.>
#..........#.......##..#...#.#.
###..##............###.#....#.#
##..#<...........###.#.....#.
##.......#......##..........


You could see 2 killer bees.

Vanquished Creatures
  A hornet (D:5)
  A shadow (D:5)
  A steam dragon (D:5)
  2 black bears
  A necrophage (D:5)
  A phantom (D:5)
  A centaur (D:5)
  A scorpion (D:6)
  A wyvern zombie (D:5)
  A water moccasin skeleton (D:5)
  4 killer bees
  A howler monkey (D:5)
  A bullfrog zombie (D:6)
  A centaur zombie (D:4)
  A gnoll shaman (D:4)
  3 hounds
  An orc priest (D:4)
  2 iguanas (D:5)
  2 orc wizards (D:5)
  Terence (D:3)
  A hound skeleton (D:2)
  3 gnolls (D:4)
  4 adders
  3 worms
  A dart slug (D:4)
  14 orcs
  5 endoplasms
  4 giant cockroaches
  7 goblins
  4 hobgoblins
  4 jackals
  2 quokkas
  5 ball pythons
  7 bats
  5 frilled lizards
  7 kobolds
  7 rats
111 creatures vanquished.

Vanquished Creatures (others)
  2 plants (D:1)
2 creatures vanquished.

Grand Total: 113 creatures vanquished

Notes
Turn   | Place    | Note
-------+----------+-------------------------------------------
     0 | D:1      | robertstho the Troll Berserker began the quest for the Orb.
     0 | D:1      | Reached XP level 1. HP: 22/22 MP: 0/0
   175 | D:1      | Reached XP level 2. HP: 29/29 MP: 1/1
   825 | D:1      | Found a faded altar of an unknown god.
   960 | D:2      | Reached XP level 3. HP: 36/36 MP: 2/2
   994 | D:2      | Reached ** piety under Trog
  1010 | D:2      | Reached skill level 4 in Unarmed Combat
  1311 | D:2      | Reached XP level 4. HP: 44/44 MP: 3/3
  1465 | D:3      | Noticed Terence
  1474 | D:3      | Killed Terence
  1748 | D:3      | Found Xedipeip's Magic Scroll Shop.
  1755 | D:3      | Bought a scroll of teleportation for 36 gold pieces
  1755 | D:3      | Bought a scroll of identify for 24 gold pieces
  1755 | D:3      | Bought a scroll of noise for 12 gold pieces
  1757 | D:3      | Identified a scroll of acquirement
  1759 | D:3      | Acquired the +10 rapier of Lies {venom, rPois rF+ SInv}
  2105 | D:4      | Found Yngoust's Antique Weapon Emporium.
  2159 | D:4      | Reached XP level 5. HP: 51/53 MP: 4/4
  2161 | D:4      | Reached skill level 5 in Unarmed Combat
  2287 | D:4      | Noticed a black bear
  2293 | D:4      | Killed a black bear
  2294 | D:4      | Reached skill level 1 in Short Blades
  2294 | D:4      | Reached XP level 6. HP: 56/61 MP: 5/5
  2295 | D:4      | Reached *** piety under Trog
  2311 | D:4      | HP: 2/91 [gnoll (4)]
  2686 | D:5      | Entered Level 5 of the Dungeon
  2721 | D:5      | Reached XP level 7. HP: 14/68 MP: 6/6
  2804 | D:5      | Reached skill level 6 in Unarmed Combat
  2997 | D:5      | Found a staircase to the Ecumenical Temple.
  3014 | D:5      | Reached XP level 8. HP: 78/79 MP: 7/7
  3025 | D:5      | Found a shadowy altar of Dithmenos.
  3221 | D:6      | Noticed a hornet
  3225 | D:6      | Paralysed by a hornet for 3 turns
  3306 | D:5      | Killed a hornet
  3307 | D:5      | Reached skill level 5 in Fighting
  3463 | D:5      | HP: 3/81 [killer bee (6)]
  3467 | D:5      | Slain by a killer bee

Illustrated notes

Levels and vault maps discovered:
D:1:      matt_arrival_diagonals, layout_basic, shapermc_ecumenical_altar_petra,
          grunt_decor_mini_mirrors, serial_park_tiny_2
D:2:      layout_loops_ring
D:3:      layout_rooms, serial_bayou, serial_bayou_lagoon_b,
          serial_bayou_pond_e, serial_bayou_lake_a, serial_bayou_pond_b,
          serial_bayou_crossing, serial_shops, nicolae_shop_crystal,
          uniq_terence
D:4:      layout_cave_pools, serial_shops, nicolae_shop_overgrown_old_shop
D:5:      layout_cave_pools, kennysheep_mini_moat, minmay_temple_entry_grid
D:6:      lemuel_castle_with_subvaults [lemuel_castle_interior_carwin_1],
          layout_rooms, mainiacjoe_overflow_paths

Skill      XL: |  1  2  3  4  5  6  7  8 |
---------------+-------------------------+-----
Unarmed Combat | 4 5 6 |  6.8
Fighting       | 3 4 5 |  5.6
Dodging        | 3 4 |  4.5
Short Blades   | 1 2 3 4 |  4.7

Action                   |  1- 3 |  4- 6 |  7- 9 || total
-------------------------+-------+-------+-------++-------
Melee: Unarmed           |   104 |    20 |       ||   124
       Punch             |     2 |     1 |       ||     3
       Rapier            |       |    78 |    73 ||   151
Invok: Berserk           |       |     4 |     1 ||     5
       Trog's Hand       |       |       |     1 ||     1
Evoke: Wand              |       |       |     2 ||     2
  Use: Scroll            |       |     5 |     2 ||     7
       Potion            |       |       |     3 ||     3
 Stab: Sleeping          |     1 |       |       ||     1
       Distracted        |       |       |     1 ||     1
Armor: Animal skin       |    30 |    37 |    36 ||   103
Dodge: Dodged            |    46 |    62 |    90 ||   198
